 Dungeon Crawl Stone Soup version 0.17.1-3-g152610e (webtiles) character file.

3502 WarriorsX the Carver (level 10, -6/76 HPs)
             Began as a Human Fighter on Mar 5, 2016.
             Was a Believer of Qazlal.
             Mangled by an orc warrior
             ... wielding a +1 halberd of chopping
              (22 damage)
             ... on level 8 of the Dungeon.
             The game lasted 00:33:08 (8051 turns).

WarriorsX the Carver (Human Fighter)                Turns: 8051, Time: 00:33:08

Health: -6/76      AC: 12    Str: 21    XL:     10   Next: 28%
Magic:  17/17      EV: 10    Int:  8    God:    Qazlal [**....]
Gold:   324        SH: 13    Dex: 12    Spells: 1 memorised, 18 levels left

rFire  . . .     SeeInvis .     a - +1 long sword
rCold  . . .     Clarity  .     b - +0 scale mail
rNeg   . . .     SustAt   .     c - +0 shield
rPois  .         Gourm    .     q - +1 helmet
rElec  .         Spirit   .     (no cloak)
rCorr  +         Warding  .     i - +1 pair of gloves
rMut   .         Stasis   .     (no boots)
MR     .....                    o - amulet of resist corrosion
Stlth  ..........               (no ring)
                                A - +3 ring of evasion

@: lethally poisoned (-6 -> -9), not resistant to hostile enchantments,
extremely unstealthy
A: no striking features
a: Upheaval, Renounce Religion


You were on level 8 of the Dungeon.
You worshipped Qazlal.
Qazlal was pleased with you.
You were hungry.

You visited 2 branches of the dungeon, and saw 9 of its levels.

You collected 555 gold pieces.
You spent 231 gold pieces at shops.

Inventory:

Hand Weapons
 a - a +1 long sword (weapon)
Armour
 b - a +0 scale mail (worn)
 c - a +0 shield (worn)
 i - a +1 pair of gloves (worn)
 q - a +1 helmet (worn)
Magical Staves
 l - an uncursed staff of earth {unknown}
Jewellery
 o - an amulet of resist corrosion (around neck)
 A - a +3 ring of evasion (left hand)
Wands
 u - a wand of draining (6)
 D - a wand of frost (28)
 F - a wand of heal wounds (4)
Scrolls
 f - 3 scrolls of enchant weapon
 m - 6 scrolls of identify
 v - 2 scrolls of remove curse
 w - a scroll of magic mapping
 y - a scroll of fear
 z - 2 scrolls of teleportation
Potions
 d - 2 potions of might
 h - a potion of cancellation
 j - 2 potions of resistance
 n - a potion of agility
 p - 4 potions of heal wounds
 x - 2 potions of flight
Books
 r - Kikubaaqudgha's Compendium of Unholy Arts
   (You found it on level 3 of the Dungeon)

   Spells                             Type                      Level
   a - Pain                           Necromancy                   1
 s - Sif Muna's Almanac of Good Luck
   (You found it on level 3 of the Dungeon)

   Spells                             Type                      Level
   a - Infusion                       Charms                       1
 t - Vehumet's Almanac of the Fulmar
   (You found it on level 3 of the Dungeon)

   Spells                             Type                      Level
   a - Magic Dart                     Conjuration                  1
 G - a book of Changes

   Spells                             Type                      Level
   a - Beastly Appendage              Transmutation                1
   b - Sticks to Snakes               Transmutation                2
   c - Spider Form                    Transmutation/Poison         3
   d - Ice Form                       Ice/Transmutation            4
   e - Blade Hands                    Transmutation                5
Comestibles
 e - 7 bread rations
 g - a royal jelly
 k - 3 meat rations
 B - 2 beef jerkies
 C - 7 slices of pizza


   Skills:
 - Level 6.0 Fighting
 + Level 9.4 Long Blades
 + Level 6.2 Armour
 + Level 5.2 Shields
 - Level 5.0 Spellcasting
 - Level 2.2 Charms


You had 18 spell levels left.
You knew the following spells:

 Your Spells              Type           Power        Failure   Level  Hunger
a - Infusion              Chrm           #.....       86%         1    #......


Dungeon Overview and Level Annotations

Branches:
Dungeon (8/15)             Temple (1/1) D:4            Lair (0/8) D:8

Altars:
Ashenzari
Cheibriados
Dithmenos
Elyvilon
Fedhas
Gozag
Kikubaaqudgha
Makhleb
Nemelex Xobeh
Okawaru
Qazlal
Ru
Sif Muna
Trog
Vehumet
Xom
Yredelemnul
Zin
The Shining One

Shops:
D:6 =   D:8 *


Message History

Qazlal accepts your kill.
You feel sick.
The orc warrior hits you but does no damage.
The orc hits you but does no damage.
You feel sick.
You barely miss the orc.
You feel sick. The orc warrior closely misses you. You block the orc's attack.
You slash the orc!
You kill the orc!
Qazlal accepts your kill.
You feel sick. You block the orc warrior's attack.
Things that are here:
a dagger; a leather armour You barely miss the orc warrior.
You feel sick.
The orc warrior hits you with a halberd of chopping!
* * * LOW HITPOINT WARNING * * *
x2 Your shield and scale mail prevent you from hitting the orc warrior.
You feel sick.
The orc warrior hits you with a halberd of chopping!!
You die...

..# #...#..# ..#
.#...#..#########
..#
................#
..##.
#.#......#.......#
.....
#.#......#.......#
.....
................#
......
.#.##...#.......#
..#..#
.......o#)......#
..#.#
##.##..)@....[..#
..>.# #
#############
..#.# .##.# ....#
###.# ....####
.......# ..####.#


You could see an orc warrior.

Vanquished Creatures
  Pikel (D:6)
  The ghost of emiel the Cleaver, a novice DsBe of Trog (D:8)
  A hog (D:7)
  A human (D:7)
  A hungry ghost (D:8)
  Purgy (D:3)
  A sky beast (D:7)
  A centaur (D:7)
  A slave (D:6)
  2 phantoms
  6 ogres
  3 giant frogs
  A water moccasin skeleton (D:7)
  A wyvern zombie (D:8)
  4 orc priests
  2 crimson imps
  A hound (D:7)
  A quasit (D:7)
  2 centaur skeletons
  A giant frog skeleton (D:8)
  2 iguanas
  A jelly (D:7)
  3 orc wizards
  4 worker ants
  3 sheep (D:7)
  4 gnolls (D:4)
  12 adders
  3 river rats (D:6)
  3 oozes
  2 adder zombies
  3 worms
  2 adder skeletons
  A giant gecko (D:1)
  20 orcs
  12 giant cockroaches
  7 hobgoblins
  20 jackals
  4 quokkas
  7 bats
  A giant gecko skeleton (D:5)
  A giant gecko zombie (D:8)
  8 giant newts
  10 goblins
  A jackal skeleton (D:8)
  11 kobolds
  16 rats
194 creatures vanquished.

Vanquished Creatures (others)
  A slave (D:7)
  A hound (D:7)
  A giant cockroach (D:7)
3 creatures vanquished.

Grand Total: 197 creatures vanquished

Notes
Turn   | Place    | Note
--------------------------------------------------------------
     0 | D:1      | WarriorsX the Human Fighter began the quest for the Orb.
     0 | D:1      | Reached XP level 1. HP: 18/18 MP: 1/1
   194 | D:1      | Reached XP level 2. HP: 21/24 MP: 2/2
   564 | D:1      | Reached XP level 3. HP: 25/29 MP: 3/3
  1274 | D:2      | Reached skill level 4 in Long Blades
  1274 | D:2      | Reached XP level 4. HP: 22/35 MP: 4/4
  1896 | D:2      | Reached XP level 5. HP: 29/41 MP: 5/5
  2064 | D:3      | Reached skill level 5 in Long Blades
  2269 | D:3      | Found a glowing silver altar of Zin.
  2302 | D:3      | Noticed Purgy
  2326 | D:3      | Killed Purgy
  2326 | D:3      | Reached XP level 6. HP: 26/47 MP: 6/6
  2620 | D:3      | Found a deep blue altar of Sif Muna.
  2622 | D:3      | Found a radiant altar of Vehumet.
  2622 | D:3      | Found an ancient bone altar of Kikubaaqudgha.
  2627 | D:3      | Identified Kikubaaqudgha's Compendium of Unholy Arts
  2634 | D:3      | Identified Sif Muna's Almanac of Good Luck
  2643 | D:3      | Identified Vehumet's Almanac of the Fulmar
  2669 | D:3      | Learned a level 1 spell: Infusion
  2739 | D:3      | Found a faded altar to an unknown god.
  3114 | D:4      | Found a staircase to the Ecumenical Temple.
  3120 | Temple   | Entered the Ecumenical Temple
  3396 | Temple   | Became a worshipper of Qazlal Stormbringer
  3513 | D:4      | Reached skill level 6 in Long Blades
  3711 | D:4      | Reached XP level 7. HP: 39/52 MP: 7/7
  4309 | D:4      | HP: 1/52 [orc priest (4)]
  4835 | D:5      | Entered Level 5 of the Dungeon
  4863 | D:5      | Reached skill level 5 in Armour
  5055 | D:5      | Reached XP level 8. HP: 45/58 MP: 8/8
  5163 | D:5      | Found a shimmering altar of Xom.
  5175 | D:5      | Reached * piety under Qazlal
  5787 | D:6      | Found Mearoni's Jewellery Emporium.
  5794 | D:6      | Bought a +3 ring of evasion for 231 gold pieces
  5949 | D:6      | Reached skill level 7 in Long Blades
  6173 | D:6      | Reached skill level 5 in Shields
  6485 | D:7      | Reached ** piety under Qazlal
  6487 | D:7      | Reached skill level 1 in Spellcasting
  6632 | D:7      | Noticed Pikel
  6716 | D:6      | Killed Pikel
  6716 | D:6      | Reached skill level 5 in Fighting
  6716 | D:6      | Reached XP level 9. HP: 51/69 MP: 10/13
  6749 | D:7      | Found an iron altar of Okawaru.
  6787 | D:7      | Found a blossoming altar of Fedhas.
  6795 | D:7      | Found a sacrificial altar of Ru.
  6986 | D:7      | Reached skill level 8 in Long Blades
  7288 | D:7      | Reached skill level 5 in Spellcasting
  7288 | D:7      | Reached XP level 10. HP: 64/76 MP: 17/17
  7353 | D:7      | Found a sparkling altar of Nemelex Xobeh.
  7574 | D:8      | Noticed emiel's ghost (novice DsBe)
  7596 | D:8      | Killed emiel's ghost
  7596 | D:8      | Reached skill level 9 in Long Blades
  7896 | D:8      | Found Piogefeo's Assorted Antiques.
  7992 | D:8      | Found a staircase to the Lair.
  8051 | D:8      | Mangled by an orc warrior

Action                   |  1- 3 |  4- 6 |  7- 9 | 10-12 || total
-------------------------+-------+-------+-------+-------++-------
Melee: Long sword        |   165 |   195 |   450 |   104 ||   914
Evoke: Wand              |       |       |       |     1 ||     1
  Use: Scroll            |       |     8 |     1 |     2 ||    11
       Potion            |       |     4 |     3 |       ||     7
  Eat: Chunk             |     1 |     8 |    13 |     2 ||    24
       Bread ration      |       |       |       |     1 ||     1
